 Dungeon Crawl Stone Soup version 0.30.0-5-g1a98f26d00 (webtiles) character file.

Game seed: 9798025367658003920

281 croobank the Sneak (level 5, -1/41 HPs)
             Began as a Demigod Fire Elementalist on May 10, 2023.
             Slain by a lemure (2 damage)
             ... led by Pikel
             ... on level 4 of the Dungeon.
             The game lasted 00:17:08 (3653 turns).

croobank the Sneak (Demigod Fire Elementalist)      Turns: 3653, Time: 00:17:08

Health: -1/41      AC:  2    Str:  8 (9)  XL:     5   Next: 77%
Magic:  4/11       EV: 12    Int: 20 (21) God:
Gold:   183        SH:  0    Dex: 11 (14) Spells: 3/9 levels left

rFire   . . .        f - +1 short sword
rCold   . . .        (no shield)
rNeg    . . .        a - +0 robe
rPois   .            (no helmet)
rElec   .            g - scarf {repulsion}
rCorr   .            (no gloves)
SInv    .            (no boots)
Will    .....        (no amulet)
Stlth   ++           (no ring)
HPRegen 0.26/turn    (no ring)
MPRegen 0.12/turn

%: repel missiles
@: no status effects
A: high MP 1, forlorn, divine attributes
a: no special abilities


You were on level 4 of the Dungeon.
You visited 1 branch of the dungeon, and saw 4 of its levels.

You collected 183 gold pieces.

Inventory:

Hand Weapons
 b - a +0 dagger
 c - a +0 club
 d - a +0 spear
 f - a +1 short sword (weapon)
 l - a +0 hand axe
 w - a +0 trident
 y - a +0 long sword
Missiles
 z - 3 boomerangs (quivered)
Armour
 a - a +0 robe (worn)
 g - a scarf of repulsion (worn)
 p - a +0 leather armour
Scrolls
 e - 4 scrolls of amnesia
 j - 2 scrolls of magic mapping
 s - a scroll of immolation
Potions
 n - a potion of cancellation
 o - a potion of resistance {unknown}
 q - a potion of ambrosia {unknown}
 r - a potion of mutation {unknown}


   Skills:
 + Level 1.7 Fighting
 + Level 2.6 Dodging
 * Level 3.7 Stealth
 + Level 2.5 Spellcasting
 + Level 2.1 Conjurations
 + Level 0.1 Hexes
 + Level 3.3 Fire Magic


You had 3 spell levels left.
You knew the following spells:

 Your Spells              Type           Power      Damage    Failure   Level
a - Foxfire               Conj/Fire      52%        2x1d6     4%          1
b - Scorch                Fire           32%        2d6       5%          2
c - Inner Flame           Hex/Fire       9%         N/A       22%         3

Your spell library contained the following spells:

 Spells                   Type           Power      Damage    Failure   Level
 Volatile Blastmotes      Fire/Tloc      18%        2d11      22%         3
 Ignite Poison            Fire/Tmut/Pois 7%         N/A       28%         3
 Flame Wave               Conj/Fire      13%        2d6       43%         4
 Sticky Flame             Conj/Fire      13%        2d4       43%         4
 Ignition                 Fire           8%         3d5       100%        8


Dungeon Overview and Level Annotations

Branches:
Dungeon (4/15)
 Temple: D:4-7

Annotations:
D:4 Pikel


Innate Abilities, Weirdness & Mutations

You have an increased reservoir of magic. (+10% MP)
You shall have no god before yourself.
Your divine heritage dramatically boosts your attributes as you level up.


Message History

Pikel resists with significant effort.
Pikel hits you with a +1 whip of flaming!
Pikel burns you.
Unknown command.
Unknown command.
Unknown command.
There's nothing to close nearby.
Okay, then.
You fade into invisibility!
Pikel hits you with a +1 whip of flaming.
Pikel burns you.
A lemure comes into view.
The lemure shouts!
The lemure hits you!
* * * LOW HITPOINT WARNING * * *
A lemure comes into view.
Pikel shouts!
The lemure shouts!
It was a potion of brilliance.
You feel clever all of a sudden. Pikel closely misses you.
It was a potion of degeneration.
There was something very wrong with that liquid.
You feel weakened.
You feel dopey.
You feel clumsy.
Pikel hits you with a +1 whip of flaming!
* * * LOW HITPOINT WARNING * * *
Pikel burns you.
* * * LOW HITPOINT WARNING * * *
Okay, then.
Okay, then.
Casting: Inner Flame (quite dangerous; 22% risk of failure)
Confirm with . or Enter, or press ? or * to list all spells.
Okay, then.
It was a potion of cancellation.
Your magical effects are unravelling.
You feel magically purged.
You flicker back into view.
You feel a little less clever now.
The lemure shouts!
The lemure hits you.
You die...

****,**,,,,,,,,,,,,*******,****
,,**,**,*#.....####### *,**
,,,,,,,,,............# *,,*
**,,,,****#..........# **,*
,,,,,,** #..........# *,,*
**,,,,,*###..........# *,**
,,,*,*,,.............# *,*
,***,*****#..........# *,*
,,**..* ##....5@....# *,*
,.###.####.....K5....# *,*
,,........?.#........# *,*
,*##..=..............# *,*
,..........###5####### *,*
*#..#.....** #..#### *,*
,........#####5....#******,*
,***#.....5<##.###.....,**,*
*#.....####.##.# **####,,,,*


You could see Pikel and 4 lemures.

Vanquished Creatures
  Sigmund (D:2)
  2 adders
  4 gnolls (D:3)
  2 dart slugs
  5 orcs (D:3)
  6 bats
  4 endoplasms
  A giant cockroach (D:1)
  6 goblins
  7 hobgoblins
  6 quokkas
  6 ball pythons
  8 frilled lizards
  3 kobolds
  8 rats
69 creatures vanquished.

Vanquished Creatures (others)
  144 foxfires
144 creatures vanquished.

Grand Total: 213 creatures vanquished

Notes
Turn   | Place    | Note
-------+----------+-------------------------------------------
     0 | D:1      | croobank the Demigod Fire Elementalist began the quest for
                  | the Orb.
     0 | D:1      | Reached XP level 1. HP: 14/14 MP: 5/5
   126 | D:1      | Reached skill level 1 in Conjurations
   310 | D:1      | Reached XP level 2. HP: 20/20 MP: 4/7
   313 | D:1      | Learned a level 2 spell: Scorch
  1346 | D:2      | Reached XP level 3. HP: 27/27 MP: 5/8
  1350 | D:2      | Learned a level 3 spell: Inner Flame
  1432 | D:2      | Noticed Sigmund
  1438 | D:2      | Killed Sigmund
  1439 | D:2      | Reached skill level 1 in Fighting
  1439 | D:2      | Reached XP level 4. HP: 35/35 MP: 6/10
  1439 | D:2      | Reached XP level 5. HP: 40/40 MP: 6/11
  3629 | D:4      | Noticed Pikel
  3652 | D:4      | HP: 2/41 [Pikel/+1 whip of flaming (10)]
  3653 | D:4      | Slain by a lemure

Illustrated notes

Levels and vault maps discovered:
D:1:      evilmike_arrival_crescent, layout_loops_ring,
          minmay_misc_feat_hallway, st_stairs_8
D:2:      layout_rooms, serial_glass, glass_columns_b, glass_columns_b,
          glass_columns_c, glass_columns_c, glass_columns_b, glass_columns_b,
          glass_columns_a, glass_columns_c, uniq_sigmund
D:3:      layout_basic, mainiacjoe_overflow_six_doors_small,
          grunt_decor_junction, chequers_serial_rivers_marsh,
          chequers_serial_rivers_micro_a
D:4:      layout_rooms, lightli_sewer_entry_pipes, uniq_pikel

Skill      XL: |  1  2  3  4  5 |
---------------+----------------+-----
Conjurations   | 1 2 |  2.1
Stealth        | 2 3 |  3.7
Dodging        | 2 |  2.6
Spellcasting   | 2 |  2.5
Fighting       | 1 |  1.7
Fire Magic     | 3 |  3.3
Hexes          | |  0.1

Action                     |  1- 3 |  4- 6 || total
---------------------------+-------+-------++-------
  Melee: Unarmed           |     1 |       ||     1
         Short sword       |     3 |    17 ||    20
         Spear             |     2 |       ||     2
  Throw: Throwing net      |       |     1 ||     1
   Cast: Foxfire           |    54 |    34 ||    88
         Scorch            |    11 |    25 ||    36
         Inner Flame       |       |     1 ||     1
    Use: Potion            |     1 |     4 ||     5
         Scroll            |       |    10 ||    10
   Stab: Sleeping          |       |     2 ||     2
 Armour: Robe              |     5 |     1 ||     6
  Dodge: Dodged            |     8 |    16 ||    24
         Repelled          |       |     1 ||     1
